 Dungeon Crawl Stone Soup version 0.20.1-1-g8b1a95d (webtiles) character file.

289 BGT the Digger (level 6, -4/36 HPs)
             Began as a Gargoyle Earth Elementalist on Aug 28, 2017.
             Slain by Menkaure (14 damage)
             ... on level 4 of the Dungeon.
             The game lasted 00:19:27 (5439 turns).

BGT the Digger (Gargoyle Earth Elementalist)        Turns: 5439, Time: 00:19:28

Health: -4/36      AC:  8    Str: 15 (17) XL:     6   Next: 31%
Magic:  9/11       EV: 12    Int: 19 (22) God:
Gold:   167        SH:  0    Dex: 12 (13) Spells: 6/12 levels left

rFire    + . .     SeeInvis .   f - -3 short sword (curse)
rCold    + . .     Gourm    .   (no shield)
rNeg     + . .     Faith    .   g - +2 robe {MR+}
rPois    ∞         Spirit   .   (no helmet)
rElec    +         Reflect  .   (no cloak)
rCorr    +         Harm     .   (no gloves)
MR       +....     Rnd*Tele +   (no boots)
Stlth    ++........             (no amulet)
Regen    0.2/turn               h - +3 ring of dexterity
MPRegen  0.2/turn               s - ring of teleportation (curse)

@: mighty, brilliant, resistant
A: negative energy resistance 1, electricity resistance, unbreathing,
petrification resistance, rot immunity, AC +4
a: no special abilities


You were on level 4 of the Dungeon.
You were not hungry.

You visited 1 branch of the dungeon, and saw 4 of its levels.

You collected 167 gold pieces.

Inventory:

Hand Weapons
 f - a cursed -3 short sword (weapon)
 l - a +1 falchion
 o - a +0 war axe
Missiles
 b - 26 stones (quivered)
Armour
 c - a +1 robe
 g - a +2 robe of magic resistance (worn)
Jewellery
 h - a +3 ring of dexterity (left hand)
 i - an uncursed ring of resist corrosion
 s - a cursed ring of teleportation (right hand)
Scrolls
 m - 2 scrolls of identify
 w - a scroll of magic mapping
Potions
 k - 2 potions of curing
 t - a potion of invisibility {unknown}
 x - a potion of cancellation {unknown}
Books
 e - a book of Geomancy

   Spells                             Type                      Level
   a - Sandblast                      Earth                        1
   b - Passwall                       Transmutation/Earth          2
   c - Stone Arrow                    Conjuration/Earth            3
   d - Petrify                        Transmutation/Earth          4
   e - Lee's Rapid Deconstruction     Earth                        5
 r - a book of Cantrips

   Spells                             Type                      Level
   a - Confusing Touch                Hexes                        1
   b - Animate Skeleton               Necromancy                   1
   c - Summon Small Mammal            Summoning                    1
   d - Apportation                    Translocation                1
Comestibles
 a - 7 fruits
 d - 3 bread rations
 j - a royal jelly
 z - a chunk of flesh


   Skills:
 + Level 2.6 Fighting
 - Level 1.5 Dodging
 - Level 2.2 Stealth
 - Level 0.4 Unarmed Combat
 * Level 3.7 Spellcasting
 - Level 0.7 Transmutations
 * Level 6.1 Earth Magic


You had 6 spell levels left.
You knew the following spells:

 Your Spells              Type           Power        Failure   Level  Hunger
a - Sandblast             Erth           #####.       1%          1    None
b - Passwall              Tmut/Erth      ####......   1%          2    ##.....
c - Stone Arrow           Conj/Erth      ####..       1%          3    ###....


Dungeon Overview and Level Annotations

Branches:
Dungeon (4/15)
 Temple: D:4-7

Altars:
The Shining One

Annotations:
D:4 Menkaure


Innate Abilities, Weirdness & Mutations

You are resistant to torment.
Your stone body is resilient. (AC +4)
You are immune to poison.
You resist negative energy. (rN+)
You are resistant to electric shocks. (rElec)
You can survive without breathing.
You are immune to petrification.
You are immune to rotting.


Message History

Menkaure is heavily damaged.
b - 26 stones Menkaure hits you!
It was a potion of heal wounds.
You feel much better. Menkaure hits you!
It was a potion of degeneration.
There was something very wrong with that liquid.
You feel weakened.
You feel dopey.
You feel clumsy.
Menkaure calls on the powers of darkness!
Your body is wracked with pain!
It was a potion of brilliance.
You feel clever all of a sudden.
It was a potion of resistance.
You feel protected. Menkaure hits you!
* * * LOW HITPOINT WARNING * * *
You feel better. Menkaure barely misses you.
It was a potion of might.
You feel very mighty all of a sudden. Menkaure hits you!
You die...

#.# .
#######.....
#
..!........
..........
........
#.....#
#.....#
#M....#
#.@.[.#
#.....#
#######


You could see Menkaure.

Vanquished Creatures
  A crimson imp (D:4)
  2 centaur skeletons (D:3)
  Jessica (D:2)
  5 adders
  2 oozes (D:3)
  An adder skeleton (D:3)
  3 worms
  3 dart slugs (D:1)
  3 leopard geckos
  13 orcs
  2 giant cockroaches (D:2)
  6 hobgoblins
  8 jackals
  2 quokkas
  A ball python (D:1)
  A ball python skeleton (D:3)
  A ball python zombie (D:3)
  10 bats
  A frilled lizard (D:1)
  A giant cockroach zombie (D:3)
  7 goblins
  A jackal skeleton (D:3)
  7 kobolds
  2 leopard gecko zombies (D:3)
  A quokka skeleton (D:3)
  13 rats
98 creatures vanquished.

Notes
Turn   | Place    | Note
-------+----------+-------------------------------------------
     0 | D:1      | BGT the Gargoyle Earth Elementalist began the quest for the Orb.
     0 | D:1      | Reached XP level 1. HP: 10/10 MP: 3/3
   218 | D:1      | Reached skill level 4 in Earth Magic
   282 | D:1      | Reached XP level 2. HP: 5/15 MP: 3/5
  1081 | D:1      | Reached XP level 3. HP: 20/20 MP: 4/6
  1820 | D:2      | Noticed Jessica
  1832 | D:2      | Killed Jessica
  1832 | D:2      | Reached skill level 1 in Fighting
  1832 | D:2      | Reached XP level 4. HP: 20/25 MP: 2/7
  1920 | D:2      | Learned a level 2 spell: Passwall
  1924 | D:2      | Learned a level 3 spell: Stone Arrow
  2089 | D:2      | Reached skill level 5 in Earth Magic
  3415 | D:2      | Reached XP level 5. HP: 26/30 MP: 7/9
  4083 | D:3      | Found a glowing golden altar of the Shining One.
  4710 | D:3      | Reached XP level 6. HP: 36/36 MP: 6/11
  5188 | D:4      | Reached skill level 6 in Earth Magic
  5430 | D:4      | Noticed Menkaure
  5439 | D:4      | Slain by Menkaure

Skill      XL: |  1  2  3  4  5  6 |
---------------+-------------------+-----
Earth Magic    | 4 5 6 |  6.1
Fighting       | 1 2 |  2.6
Spellcasting   | 3 |  3.7
Dodging        | |  1.5
Stealth        | |  2.2
Unarmed Combat | |  0.4
Transmutations | |  0.7

Action                   |  1- 3 |  4- 6 || total
-------------------------+-------+-------++-------
Melee: Unarmed           |    16 |       ||    16
       Short sword       |    11 |   149 ||   160
Throw: Stone             |     7 |     1 ||     8
 Cast: Sandblast         |    43 |    80 ||   123
       Stone Arrow       |       |     7 ||     7
  Use: Scroll            |     3 |     4 ||     7
       Potion            |       |     6 ||     6
 Stab: Sleeping          |       |     4 ||     4
  Eat: Chunk             |     3 |    13 ||    16
Armor: Robe              |    27 |    93 ||   120
Dodge: Dodged            |    55 |   173 ||   228
